 Seeded DCSS version 0.29.1-15-g9cfb28693d (webtiles) character file.

Game seed: 16245865983455551772 (custom seed)

732 Darius099 the Covert (level 7, -2/50 HPs)
             Began as an Octopode Brigand on Mar 11, 2023.
             Was an Initiate of Dithmenos.
             Killed from afar by a white imp (10 damage)
             ... with a puff of frost
             ... on level 5 of the Dungeon.
             The game lasted 00:05:55 (4572 turns).

Darius099 the Covert (Octopode Brigand)             Turns: 4572, Time: 00:05:56

Health: -2/50      AC:  1    Str: 11    XL:     7   Next: 73%
Magic:  7/7        EV: 12    Int: 25    God:    Dithmenos [......]
Gold:   241        SH:  0    Dex: 15    Spells: 6/6 levels left

rFire   . . .      SeeInvis .   j - +4 quick blade
rCold   . . .      Faith    .   (no shield)
rNeg    . . .      Spirit   .   (helmet restricted)
rPois   .          Reflect  .   q - amulet of regeneration
rElec   .          Harm     .   g - +6 ring of intelligence
rCorr   .          Rampage  .   i - +6 ring of intelligence
Will    .....                   (no ring)
Stlth   +++++.....              (no ring)
HPRegen 0.96/turn               (no ring)
MPRegen 0.10/turn               (no ring)
                                (no ring)
                                (no ring)

@: no status effects
A: almost no armour, amphibious, 8 rings, camouflage 1, gelatinous body 1,
(nimble swimmer 1), tentacles
a: Renounce Religion


You were on level 5 of the Dungeon.
You worshipped Dithmenos.
Dithmenos was noncommittal.
You visited 1 branch of the dungeon, and saw 5 of its levels.

You collected 241 gold pieces.

Inventory:

Hand Weapons
 j - a +4 quick blade (weapon)
Missiles
 b - 15 poisoned darts (quivered)
 c - 3 curare-tipped darts
Jewellery
 g - a +6 ring of intelligence (left tentacle)
 i - a +6 ring of intelligence (right tentacle)
 q - an amulet of regeneration (around mantle)
 v - a ring of ice
Wands
 o - a wand of roots (4)
Scrolls
 d - 2 scrolls of acquirement
 h - 5 scrolls of teleportation {unknown}
 k - 4 scrolls of identify {unknown}
 l - a scroll of enchant weapon {unknown}
 m - 2 scrolls of summoning {unknown}
 n - 2 scrolls of immolation {unknown}
 p - a scroll of noise {unknown}
 u - a scroll of silence {unknown}
 w - a scroll of butterflies {unknown}
Potions
 a - 2 potions of lignification {unknown}
 e - a potion of might {unknown}
 f - 2 potions of flight {unknown}
 r - a potion of brilliance {unknown}
 s - a potion of berserk rage {unknown}
 t - a potion of heal wounds {unknown}


   Skills:
 + Level 5.1 Fighting
 + Level 5.1 Short Blades
 - Level 2.0 Throwing
 - Level 1.0 Dodging
 + Level 8.7 Stealth


You had 6 spell levels left.
You didn't know any spells.
Your spell library contained the following spells:

 Spells                   Type           Power      Damage    Failure   Level
 Sting                    Tmut/Pois      0%         1d3       14%         1
 Poisonous Vapours        Pois/Air       0%         N/A       21%         2
 Confusing Touch          Hex            0%         N/A       38%         3
 Olgreb's Toxic Radiance  Pois           0%         N/A       80%         4
 Yara's Violent Unravell  Hex/Tmut       0%         3d3       98%         5
 Enfeeble                 Hex            0%         N/A       100%        7
 Chain Lightning          Conj/Air       0%         N/A       100%        9
 Fire Storm               Conj/Fire      0%         5d1       100%        9
 Shatter                  Erth           0%         3d5*      100%        9


Dungeon Overview and Level Annotations

Branches:
Dungeon (5/15)
 Temple: D:4-7

Altars:
Cheibriados
Dithmenos
Makhleb

Shops:
D:3 [   D:4 *:[


Innate Abilities, Weirdness & Mutations

You cannot wear most types of armour.
You are amphibious.
You can wear up to eight rings at the same time.
Your skin changes colour to match your surroundings (Stealth+).
Your rubbery body absorbs attacks. (AC +1, EV +1)
((You are camouflaged when in or above water. (Stealth+)))
You have tentacles for arms and can constrict up to eight enemies at once.


Message History

The arrow closely misses you.
Something shouts, "Get thee hence, thou hateful common-kissing lout!"
A centaur is nearby!
The centaur shoots an arrow.
The arrow completely misses you.
The centaur shoots an arrow.
The arrow hits you!
A white imp comes into view.
The centaur shoots an arrow.
The arrow misses you.
The centaur shoots an arrow.
The arrow closely misses you.
The centaur shoots an arrow.
The arrow barely misses you.
The centaur shoots an arrow.
The arrow hits you!
The centaur unwields a +0 shortbow.
The centaur hits you. The centaur kicks you. The white imp hits you.
The white imp freezes you.
* * * LOW HITPOINT WARNING * * *
You are too injured to fight recklessly!
You are too injured to fight recklessly!
You are too injured to fight recklessly!
You are too injured to fight recklessly!
You hit the centaur but do no damage. You squeeze the centaur.
The centaur is lightly wounded.
The centaur hits you but does no damage.
The centaur barely misses you.
You barely miss the centaur.
The centaur is lightly wounded.
The white imp hits you but does no damage.
You hit the centaur.
The centaur is moderately wounded.
The centaur hits you.
* * * LOW HITPOINT WARNING * * *
The centaur kicks you.
* * * LOW HITPOINT WARNING * * *
You hit the centaur.
The centaur is moderately wounded.
The centaur hits you but does no damage.
The centaur kicks you.
* * * LOW HITPOINT WARNING * * *
You barely miss the centaur. Your squeeze misses the centaur.
The centaur is moderately wounded.
The white imp gestures at you. The puff of frost hits you!
You die...

##..##...## #.#
##..#####.# #.#
#.....##..# #.##
........... #..###.##
#..........# ##........
#....####...###..###....
...### ##.......# ..#
...## ........# .#
.#..### ....#..@# #
........ ...##.5c#
...##### ..# #...# #..#
.# #.... #.# #..#. .#
... .. )# #... .. .#
.... ..#


You could see a centaur and a white imp.

Vanquished Creatures
  Sigmund (D:5)
  An ogre (D:4)
  A necrophage (D:4)
  A scorpion (D:4)
  An orc priest (D:3)
  2 hounds (D:5)
  An iron imp (D:4)
  Jessica (D:2)
  An iguana (D:4)
  2 orc wizards (D:3)
  Natasha (twice) (D:3)
  A hound skeleton (D:4)
  2 adders
  A dart slug (D:5)
  5 orcs (D:3)
  6 ball pythons
  3 bats
  8 endoplasms
  A giant cockroach (D:4)
  5 goblins
  8 hobgoblins
  6 kobolds
  4 quokkas
  3 frilled lizards
  7 rats
74 creatures vanquished.

Vanquished Creatures (others)
  2 plants (D:3)
2 creatures vanquished.

Grand Total: 76 creatures vanquished

Notes
Turn   | Place    | Note
-------+----------+-------------------------------------------
     0 | D:1      | Darius099 the Octopode Brigand began the quest for the Orb.
     0 | D:1      | Reached XP level 1. HP: 14/14 MP: 1/1
   259 | D:1      | Reached XP level 2. HP: 19/19 MP: 2/2
   327 | D:1      | Found a faded altar of an unknown god.
   947 | D:1      | Reached XP level 3. HP: 19/25 MP: 3/3
  1083 | D:1      | Identified 3 scrolls of acquirement
  1083 | D:1      | Acquired a +4 quick blade
  1399 | D:2      | Noticed Jessica
  1403 | D:2      | Killed Jessica
  1404 | D:2      | Reached skill level 6 in Stealth
  1404 | D:2      | Reached XP level 4. HP: 30/30 MP: 4/4
  1863 | D:3      | Reached XP level 5. HP: 7/36 MP: 5/5
  2270 | D:3      | Noticed Natasha
  2278 | D:3      | Killed Natasha
  2703 | D:3      | Reached skill level 7 in Stealth
  2741 | D:3      | Found Ymmy Ciutu's Antique Armour Shoppe.
  2853 | D:3      | Noticed Natasha
  2859 | D:3      | Killed Natasha
  2860 | D:3      | Reached XP level 6. HP: 31/43 MP: 6/6
  3231 | D:4      | Found Gamycsypi's Antique Armour Boutique.
  3272 | D:4      | Found a shadowy altar of Dithmenos.
  3279 | D:4      | Became a worshipper of Dithmenos the Shadowed
  3353 | D:4      | Found a burning altar of Makhleb.
  3425 | D:4      | Found Tuuwolaw's General Store.
  3446 | D:4      | Reached XP level 7. HP: 5/49 MP: 7/7
  3766 | D:4      | Found a snail-covered altar of Cheibriados.
  3777 | D:4      | Reached skill level 8 in Stealth
  3825 | D:4      | Found Koenoidu's Book Boutique.
  4239 | D:5      | Entered Level 5 of the Dungeon
  4249 | D:5      | Noticed Sigmund
  4260 | D:5      | Killed Sigmund
  4261 | D:5      | Reached skill level 5 in Fighting
  4261 | D:5      | Reached skill level 5 in Short Blades
  4572 | D:5      | Killed from afar by a white imp

Illustrated notes

Levels and vault maps discovered:
D:1:      minmay_arrival_hallway, layout_loops_corners, basic_ecumenical_altar,
          minmay_unequal
D:2:      layout_loops_ring, uniq_jessica
D:3:      layout_basic, serial_shops, nicolae_shop_advertising_works
          [nicolae_subvault_shop_adworks], minmay_shallow_snake_nest,
          uniq_natasha
D:4:      layout_rooms, grunt_dithmenos_smoke_and_mirrors,
          makhleb_blood_cavern_becter, slow_altar_1, serial_shops,
          nicolae_square_shop, nicolae_shop_temple_entry_statues_fountains,
          kennysheep_mini_moat, chequers_serial_rivers_large_a,
          minmay_fractal_squares_gapless_5
D:5:      layout_layer_cave, mainiacjoe_overflow_cross_hatched,
          lemuel_temple_firewalk_b, uniq_sigmund

Skill      XL: |  1  2  3  4  5  6  7 |
---------------+----------------------+-----
Stealth        | 6 7 8 |  8.7
Fighting       | 3 4 5 |  5.1
Short Blades   | 3 4 5 |  5.1
Throwing       | |  2.0
Dodging        | |  1.0

Action                   |  1- 3 |  4- 6 |  7- 9 || total
-------------------------+-------+-------+-------++-------
Melee: Dagger            |    30 |       |       ||    30
       Constrict         |     5 |    16 |     6 ||    27
       Tentacles         |     7 |    20 |     8 ||    35
       Quick blade       |     4 |    86 |    32 ||   122
  Use: Scroll            |     1 |       |       ||     1
 Stab: Sleeping          |    12 |    11 |     4 ||    27
       Distracted        |       |     1 |       ||     1
Armor: Skin              |       |       |     3 ||     3
Dodge: Dodged            |    12 |    15 |    14 ||    41
